General information
- name: BNet
- type: Ladder team game (AT/RT)
- host: Battle.net
- saver: iggy_the_fisk
map: Battleground
- players: 8
- length: 20:00
- speed: Fast
- version: 1.21 W3XP
- replay type:

» download(208 KB)
Players
team 1 (loser)
C00L (
yellow | 136 APM | 2698 actions | 19:50)
4 Death Knight
2 Death Coil
2 Unholy Aura
3 Lich
2 Frost Nova
1 Frost Armor
» actions
| Assign group hotkey | 22 | |
| Basic commands | 119 | |
| Build / train | 49 | |
| ESC pressed | 1 | |
| Enter build submenu | 15 | |
| Enter hero's abilities submenu | 8 | |
| Give item / drop item | 1 | |
| Right click | 1089 | |
| Select / deselect | 305 | |
| Select group hotkey | 1029 | |
| Use ability | 60 | |
2698 total
» units
| Acolyte | 2 | |
| Ghoul | 3 | |
| Crypt Fiend | 9 | |
| Frost Wyrm | 7 | |
| Obsidian Statue | 2 | |
23 total
» upgrades
| Creature Attack | 2 | |
| Web | 1 | |
| Freezing Breath | 1 | |
| Destroyer Form | 1 | |
5 total
» buildings
| Graveyard | 1 | |
| Crypt | 1 | |
| Altar of Darkness | 1 | |
| Ziggurat | 7 | |
| Tomb of Relics | 1 | |
| Halls of the Dead | 1 | |
| Black Citadel | 1 | |
| Sacrificial Pit | 1 | |
| Boneyard | 3 | |
| Slaughterhouse | 1 | |
18 total
» build order
00:13 Graveyard
00:21 Crypt
00:37 Altar of Darkness
00:48 Ziggurat
01:05 Tomb of Relics
02:02 Ziggurat
03:53 Ziggurat
04:54 Halls of the Dead
07:41 Black Citadel
07:46 Ziggurat
07:49 Sacrificial Pit
10:21 Boneyard
10:43 Boneyard
10:45 Boneyard
10:46 Ziggurat
10:48 Ziggurat
10:49 Ziggurat
14:44 Slaughterhouse
» items
| Healing Salve | 1 | |
| Lesser Clarity Potion | 2 | |
| Scroll of Speed | 1 | |
| Scroll of Town Portal | 4 | |
| Rod of Necromancy | 1 | |
| Orb of Corruption | 1 | |
10 total
Demon-Chaosgt (
purple | 36 APM | 728 actions | 19:58)
3 Blademaster
2 Wind Walk
1 Critical Strike
» actions
| Build / train | 28 | |
| Enter build submenu | 11 | |
| Enter hero's abilities submenu | 3 | |
| Right click | 447 | |
| Select / deselect | 206 | |
| Use ability | 33 | |
728 total
» units
» upgrades
» buildings
| Altar of Storms | 1 | |
| Orc Burrow | 3 | |
| Barracks | 1 | |
| Voodoo Lounge | 1 | |
| War Mill | 1 | |
| Stronghold | 1 | |
| Watch Tower | 1 | |
| Beastiary | 2 | |
| Spirit Lodge | 1 | |
12 total
» build order
00:05 Altar of Storms
00:08 Orc Burrow
00:36 Barracks
01:51 Orc Burrow
04:15 Voodoo Lounge
04:47 War Mill
05:56 Stronghold
06:48 Orc Burrow
07:13 Watch Tower
08:23 Beastiary
08:27 Beastiary
08:40 Spirit Lodge
» items
| Lesser Clarity Potion | 1 | |
| Potion of Healing | 2 | |
| Potion of Mana | 1 | |
| Scroll of Speed | 1 | |
5 total
KNIFE]NOOBELF (
blue | 88 APM | 1748 actions | 19:51)
3 Far Seer
2 Feral Spirit
1 Chain Lighting
1 Firelord
1 Summon Lava Spawn
» actions
| Assign group hotkey | 23 | |
| Basic commands | 13 | |
| Build / train | 35 | |
| ESC pressed | 1 | |
| Enter build submenu | 17 | |
| Enter hero's abilities submenu | 4 | |
| Remove unit from queue | 1 | |
| Right click | 925 | |
| Select / deselect | 241 | |
| Select group hotkey | 411 | |
| Use ability | 77 | |
1748 total
» units
» upgrades
» buildings
| Altar of Storms | 1 | |
| Orc Burrow | 6 | |
| Barracks | 1 | |
| Voodoo Lounge | 3 | |
| War Mill | 2 | |
| Stronghold | 2 | |
| Watch Tower | 1 | |
16 total
» build order
00:10 Altar of Storms
00:19 Orc Burrow
00:25 Barracks
01:38 Orc Burrow
01:55 Voodoo Lounge
02:22 Orc Burrow
05:47 Voodoo Lounge
05:54 War Mill
07:50 Stronghold
07:50 Stronghold
08:20 War Mill
09:08 Orc Burrow
11:11 Watch Tower
12:54 Voodoo Lounge
13:09 Orc Burrow
13:15 Orc Burrow
» items
| Lesser Clarity Potion | 1 | |
| Scroll of Town Portal | 1 | |
| Scroll of Protection | 1 | |
3 total
Sidman213 (
red | 49 APM | 971 actions | 19:54)
4 Keeper of the Grove
2 Entangling Roots
2 Thorns Aura
» actions
| Assign group hotkey | 6 | |
| Build / train | 54 | |
| Enter build submenu | 22 | |
| Enter hero's abilities submenu | 4 | |
| Remove unit from queue | 3 | |
| Right click | 549 | |
| Select / deselect | 251 | |
| Select group hotkey | 17 | |
| Use ability | 65 | |
971 total
» units
» upgrades
| Abolish Magic | 1 | |
| Strength of the Wild | 3 | |
| Reinforced Hides | 2 | |
6 total
» buildings
| Altar of Elders | 1 | |
| Moon Well | 5 | |
| Hunter's Hall | 1 | |
| Ancient of War | 3 | |
| Tree of Ages | 1 | |
| Ancient Protector | 4 | |
| Ancient of Wonders | 2 | |
| Ancient of Lore | 2 | |
| Tree of Eternity | 1 | |
| Tree of Life | 1 | |
21 total
» build order
00:10 Altar of Elders
00:20 Moon Well
02:14 Hunter's Hall
02:28 Ancient of War
02:32 Ancient of War
02:52 Moon Well
03:50 Ancient of War
04:25 Moon Well
07:11 Tree of Ages
07:44 Moon Well
09:28 Ancient Protector
10:19 Ancient Protector
10:24 Ancient of Wonders
11:31 Ancient of Lore
11:33 Ancient of Lore
12:31 Tree of Eternity
17:45 Moon Well
18:15 Ancient of Wonders
18:23 Ancient Protector
18:25 Ancient Protector
19:00 Tree of Life
team 2 (winner)

»
Cruxtures (
green | 143 APM | 2867 actions | 19:59)
4 Archmage
2 Summon Water Elemental
2 Brilliance Aura
1 Mountain King
1 Storm Bolt
» actions
| Assign group hotkey | 423 | |
| Basic commands | 34 | |
| Build / train | 119 | |
| Enter build submenu | 58 | |
| Enter hero's abilities submenu | 5 | |
| Remove unit from queue | 2 | |
| Right click | 1212 | |
| Select / deselect | 561 | |
| Select group hotkey | 304 | |
| Use ability | 149 | |
2867 total
» units
| Peasant | 29 | |
| Footman | 17 | |
| Spell Breaker | 1 | |
| Dragonhawk Rider | 5 | |
| Sorceress | 2 | |
| Mortar Team | 1 | |
55 total
» upgrades
| Defend | 1 | |
| Masonry | 1 | |
| Fragmentation Shards | 1 | |
3 total
» buildings
| Altar of Kings | 1 | |
| Farm | 10 | |
| Barracks | 1 | |
| Lumber Mill | 1 | |
| Scout Tower | 28 | |
| Guard Tower | 39 | |
| Keep | 2 | |
| Arcane Vault | 2 | |
| Arcane Sanctum | 1 | |
| Town Hall | 1 | |
| Gryphon Aviary | 2 | |
| Blacksmith | 1 | |
| Castle | 2 | |
| Workshop | 2 | |
93 total
» build order
00:03 Altar of Kings
00:19 Farm
00:25 Barracks
01:08 Farm
01:50 Lumber Mill
01:55 Farm
03:17 Scout Tower
03:36 Scout Tower
03:59 Scout Tower
04:01 Scout Tower
04:13 Scout Tower
04:26 Guard Tower
04:27 Guard Tower
04:37 Farm
04:43 Guard Tower
04:57 Guard Tower
04:57 Guard Tower
05:00 Scout Tower
05:08 Scout Tower
05:36 Guard Tower
05:36 Guard Tower
05:47 Guard Tower
05:48 Guard Tower
05:48 Guard Tower
05:50 Scout Tower
05:51 Scout Tower
06:18 Guard Tower
06:18 Guard Tower
06:52 Keep
06:53 Keep
07:06 Arcane Vault
09:15 Scout Tower
09:17 Scout Tower
09:23 Scout Tower
09:25 Scout Tower
09:26 Scout Tower
09:30 Scout Tower
09:33 Scout Tower
09:35 Scout Tower
09:43 Guard Tower
09:44 Scout Tower
09:49 Scout Tower
09:54 Guard Tower
09:54 Guard Tower
09:55 Scout Tower
09:55 Guard Tower
09:55 Guard Tower
09:56 Guard Tower
09:56 Scout Tower
09:58 Scout Tower
10:01 Guard Tower
10:01 Guard Tower
10:02 Scout Tower
10:12 Guard Tower
10:12 Guard Tower
10:12 Guard Tower
10:27 Guard Tower
10:44 Arcane Sanctum
10:57 Scout Tower
10:58 Guard Tower
10:58 Guard Tower
11:01 Scout Tower
11:30 Guard Tower
11:44 Scout Tower
12:23 Guard Tower
12:23 Guard Tower
12:26 Scout Tower
13:04 Town Hall
13:49 Scout Tower
14:17 Gryphon Aviary
14:48 Blacksmith
14:53 Farm
15:37 Gryphon Aviary
15:46 Farm
15:47 Farm
16:05 Castle
16:11 Farm
16:54 Workshop
17:23 Workshop
17:58 Arcane Vault
18:34 Farm
18:35 Farm
» items
| Scroll of Regeneration | 2 | |
| Lesser Clarity Potion | 1 | |
| Scroll of Town Portal | 1 | |
| Staff of Sanctuary | 1 | |
5 total
iggy_the_fisk (
orange | 111 APM | 2226 actions | 20:00)
4 Archmage
2 Summon Water Elemental
2 Brilliance Aura
3 Mountain King
2 Storm Bolt
1 Bash
» actions
| Assign group hotkey | 232 | |
| Basic commands | 25 | |
| Build / train | 88 | |
| Enter build submenu | 29 | |
| Enter hero's abilities submenu | 7 | |
| Remove unit from queue | 4 | |
| Right click | 1102 | |
| Select / deselect | 392 | |
| Select group hotkey | 220 | |
| Use ability | 127 | |
2226 total
» units
| Peasant | 14 | |
| Footman | 21 | |
| Sorceress | 6 | |
| Priest | 1 | |
| Spell Breaker | 10 | |
52 total
» upgrades
| Masonry | 2 | |
| Defend | 1 | |
| Magic Sentry | 0 | |
3 total
» buildings
| Altar of Kings | 1 | |
| Farm | 7 | |
| Barracks | 1 | |
| Lumber Mill | 1 | |
| Scout Tower | 11 | |
| Guard Tower | 11 | |
| Keep | 4 | |
| Arcane Vault | 1 | |
| Arcane Sanctum | 2 | |
| Castle | 1 | |
| Blacksmith | 1 | |
41 total
» build order
00:13 Altar of Kings
00:21 Farm
00:36 Barracks
00:44 Farm
01:33 Farm
01:52 Lumber Mill
03:07 Scout Tower
03:20 Guard Tower
03:22 Scout Tower
03:28 Scout Tower
03:50 Guard Tower
03:57 Scout Tower
04:27 Guard Tower
04:40 Scout Tower
04:47 Scout Tower
04:51 Scout Tower
04:52 Scout Tower
05:09 Guard Tower
05:22 Guard Tower
06:04 Keep
06:04 Keep
06:04 Keep
06:38 Guard Tower
07:20 Arcane Vault
07:59 Scout Tower
08:29 Arcane Sanctum
08:30 Arcane Sanctum
08:42 Farm
08:43 Farm
09:10 Scout Tower
09:30 Guard Tower
09:31 Guard Tower
09:31 Guard Tower
09:56 Guard Tower
09:58 Scout Tower
13:33 Farm
13:34 Farm
14:24 Guard Tower
17:20 Castle
18:42 Blacksmith
» items
| Scroll of Town Portal | 1 | |
| Scroll of Regeneration | 1 | |
2 total
NADMaN (
pink | 108 APM | 2160 actions | 19:59)
4 Keeper of the Grove
2 Entangling Roots
2 Thorns Aura
» actions
| Assign group hotkey | 4 | |
| Basic commands | 64 | |
| Build / train | 49 | |
| ESC pressed | 4 | |
| Enter build submenu | 28 | |
| Enter hero's abilities submenu | 4 | |
| Right click | 1226 | |
| Select / deselect | 344 | |
| Select group hotkey | 363 | |
| Use ability | 74 | |
2160 total
» units
» buildings
| Altar of Elders | 1 | |
| Moon Well | 3 | |
| Ancient of War | 6 | |
| Tree of Ages | 4 | |
| Ancient of Wind | 1 | |
| Tree of Eternity | 3 | |
| Hunter's Hall | 1 | |
| Tree of Life | 2 | |
21 total
» build order
00:09 Altar of Elders
00:18 Moon Well
01:08 Ancient of War
01:47 Ancient of War
01:49 Ancient of War
02:17 Ancient of War
02:32 Ancient of War
03:15 Moon Well
04:47 Tree of Ages
07:03 Ancient of War
07:45 Ancient of Wind
07:46 Tree of Eternity
07:46 Tree of Eternity
07:48 Hunter's Hall
07:54 Moon Well
10:08 Tree of Life
14:58 Tree of Life
19:44 Tree of Ages
19:45 Tree of Ages
19:45 Tree of Ages
» items

»
TIMG4STROK (
teal | 139 APM | 2777 actions | 19:59)
5 Death Knight
3 Death Coil
2 Unholy Aura
4 Lich
2 Frost Nova
2 Frost Armor
» actions
| Assign group hotkey | 21 | |
| Basic commands | 62 | |
| Build / train | 45 | |
| ESC pressed | 3 | |
| Enter build submenu | 20 | |
| Enter hero's abilities submenu | 10 | |
| Give item / drop item | 2 | |
| Right click | 1307 | |
| Select / deselect | 162 | |
| Select group hotkey | 1073 | |
| Use ability | 72 | |
2777 total
» units
| Acolyte | 3 | |
| Ghoul | 14 | |
| Frost Wyrm | 3 | |
20 total
» upgrades
| Creature Attack | 1 | |
| Freezing Breath | 1 | |
| Creature Carapace | 1 | |
3 total
» buildings
| Crypt | 1 | |
| Altar of Darkness | 1 | |
| Ziggurat | 7 | |
| Tomb of Relics | 1 | |
| Nerubian Tower | 1 | |
| Halls of the Dead | 1 | |
| Black Citadel | 1 | |
| Graveyard | 1 | |
| Sacrificial Pit | 1 | |
| Spirit Tower | 1 | |
| Boneyard | 2 | |
| Necropolis | 1 | |
19 total
» build order
00:07 Crypt
00:10 Altar of Darkness
00:24 Ziggurat
00:55 Tomb of Relics
01:33 Ziggurat
02:33 Nerubian Tower
05:12 Halls of the Dead
05:17 Ziggurat
07:43 Black Citadel
08:10 Graveyard
08:15 Ziggurat
08:18 Sacrificial Pit
09:20 Ziggurat
09:21 Ziggurat
09:34 Ziggurat
09:36 Spirit Tower
10:17 Boneyard
10:23 Boneyard
16:56 Necropolis
» items
| Rod of Necromancy | 1 | |
| Orb of Corruption | 1 | |
| Scroll of Town Portal | 3 | |
5 total
Chat log
(01:21 / Allies) NADMaN: wood
(01:22 / Allies) NADMaN: 60
(19:36 / All) C00L: gg